Workbook

Sheet 2016
B1: JANVIER | C1: FEVRIER | D1: MARS | E1: AVRIL | F1: MAI | G1: JUIN | H1: JUILLET | I1: AOUT | J1: SEPTEMBRE | K1: OCTOBRE | L1: NOVEMBRE | M1: DECEMBRE
A2: ABACA | F2: 80 | N2: =SUM(B2:M2) -> 80
A3: ALDI | M3: 46.95 | N3: =SUM(B3:M3) -> 46.95
A4: AMAZON | B4: 68.22 | I4: 40.48 | K4: 28.09 | L4: 79.44 | M4: 75.96 | N4: =SUM(B4:M4) -> 292.19
A5: AUTOVISION | B5: 62 | N5: =SUM(B5:M5) -> 62
A6: AXA | B6: 89.09 | C6: 89.09 | D6: 89.09 | E6: 89.09 | F6: 89.09 | G6: 89.09 | J6: 319.94 | N6: =SUM(B6:M6) -> 854.48
A7: BASLER | D7: 52.75 | K7: 49.65 | N7: =SUM(B7:M7) -> 102.4
A8: BERTRAND | N8: =SUM(B8:M8) -> 0
A9: BRICO DEPOT | F9: 22.9 | N9: =SUM(B9:M9) -> 22.9
A10: BRICOMARCHE | J10: 12.8 | N10: =SUM(B10:M10) -> 12.8
A11: C DISCOUNT | F11: 39.99 | L11: 329.99 | N11: =SUM(B11:M11) -> 369.98
A12: CABINET D'IMAGERIE MEDICALE | C12: 25.92 | N12: =SUM(B12:M12) -> 25.92
A13: CABINET D'INFIRMIERES | J13: 6.08 | N13: =SUM(B13:M13) -> 6.08
A14: CABLE RJ45 | L14: 6.96 | N14: =SUM(B14:M14) -> 6.96
A15: CARREFOUR | G15: 50 | H15: 4.12 | I15: 17.89 | J15: 58.74 | K15: 23.44 | L15: 18.01 | M15: 66.75 | N15: =SUM(B15:M15) -> 238.95
A16: CCI | N16: =SUM(B16:M16) -> 0
A17: CCM | B17: 5.4 | C17: 5.4 | D17: 5.4 | E17: 5.4 | F17: 5005.9 | G17: 5.4 | H17: 5.4 | I17: 5.4 | J17: 5.4 | K17: 5.4 | L17: 5.4 | M17: 5.4 | N17: 65.3
A18: CHAUSSEA | N18: =SUM(B18:M18) -> 0
A19: CHAUSS'EXPO | N19: =SUM(B19:M19) -> 0
A20: COIFF'STYLL | L20: 14.5 | N20: =SUM(B20:M20) -> 14.5
A21: CONRAUD | N21: =SUM(B21:M21) -> 0
A22: CRAQUELIN | N22: =SUM(B22:M22) -> 0
A23: CREDIT MUTUEL MOBILE | N23: =SUM(B23:M23) -> 0
A24: DALTONER | E24: 19.1 | N24: =SUM(B24:M24) -> 19.1
A25: DIAC | J25: 223.29 | K25: 223.29 | L25: 223.29 | M25: 223.29 | N25: =SUM(B25:M25) -> 893.16
A26: DISTRI CENTER | G26: 86.46 | H26: 55.97 | N26: =SUM(B26:M26) -> 142.43
A27: ESSO EXPRESS | C27: 50.01 | N27: =SUM(B27:M27) -> 50.01
A28: EUDES | D28: 35 | N28: =SUM(B28:M28) -> 35
A29: GDF | B29: 150 | C29: 486.22 | D29: 218.23 | E29: 218.23 | F29: 218.23 | G29: 218.23 | H29: 218.23 | I29: 218.23 | J29: 218.23 | K29: 218.23 | L29: 218.23 | M29: 218.23 | N29: =SUM(B29:M29) -> 2818.52
A30: IN EXTENSO | D30: 56.65 | N30: =SUM(B30:M30) -> 56.65
A31: INTERMARCHE | B31: 187.68 | C31: 39.4 | D31: 65.75 | E31: 130.02 | F31: 144.56 | G31: 191.65 | H31: 154.25 | I31: 214.13 | J31: 66.2 | K31: 201.81 | L31: 106.76 | M31: 112.53 | N31: =SUM(B31:M31) -> 1614.74
A32: JARDI LECLERC | N32: =SUM(B32:M32) -> 0
A33: JARDILAND | N33: =SUM(B33:M33) -> 0
A34: JMT | F34: 27 | G34: 87 | K34: 40.5 | N34: =SUM(B34:M34) -> 154.5
A35: KASPERSKY | K35: 54.99 | N35: =SUM(B35:M35) -> 54.99
A36: KIABI | N36: =SUM(B36:M36) -> 0
A37: LA FOIR'FOUILLE | N37: =SUM(B37:M37) -> 0
A38: LA POSTE | K38: 23 | M38: 33.6 | N38: =SUM(B38:M38) -> 56.6
A39: LAMY | N39: =SUM(B39:M39) -> 0
A40: LAUNEY | H40: 34.89 | N40: =SUM(B40:M40) -> 34.89
A41: LE CHANNEL | N41: =SUM(B41:M41) -> 0
A42: LE GRAND HARD | I42: 106.5 | N42: =SUM(B42:M42) -> 106.5
A43: LEBON COTENTIN | F43: 173.71 | N43: =SUM(B43:M43) -> 173.71
A44: LECAPLAIN | K44: 140 | N44: =SUM(B44:M44) -> 140
A45: LECLERC | E45: 19.58 | N45: =SUM(B45:M45) -> 19.58
A46: LES DOUCEURS DE CHEF DU PONT | N46: =SUM(B46:M46) -> 0
A47: LES GEMS DE FABIOLA | N47: =SUM(B47:M47) -> 0
A48: LES VERGERS DE LA CHAPELLE | E48: 35 | H48: 35 | L48: 70 | N48: =SUM(B48:M48) -> 140
A49: LIDL | G49: 10.21 | I49: 20.4 | N49: =SUM(B49:M49) -> 30.61
A50: MAAF | B50: 220.52 | H50: 216.22 | N50: =SUM(B50:M50) -> 436.74
A51: MANCHE HABITAT | B51: 23.93 | C51: 143.62 | E51: 266.12 | F51: 22.12 | G51: 144.12 | H51: 144.63 | I51: 144.12 | J51: 144.12 | K51: 327.12 | L51: 205.12 | M51: 205.12 | N51: =SUM(B51:M51) -> 1770.14
A52: MAXI TOYS | G52: 24.99 | N52: =SUM(B52:M52) -> 24.99
A53: MEUNIER | N53: =SUM(B53:M53) -> 0
A54: MOTTIN | B54: 28.65 | L54: 18.25 | N54: =SUM(B54:M54) -> 46.9
A55: ORANGE | B55: 24.9 | C55: 24.9 | D55: 24.9 | E55: 24.9 | F55: 24.9 | G55: 17.99 | H55: 17.99 | I55: 17.99 | J55: 24.99 | K55: 25.4 | L55: 26.3 | M55: 24.99 | N55: =SUM(B55:M55) -> 280.15
A56: PHARMACIE DE LA DOUVE | C56: 68.28 | D56: 37.55 | F56: 49 | L56: 66 | M56: 66.7 | N56: =SUM(B56:M56) -> 287.53
A57: PIECES AUTOS | H57: 114 | N57: =SUM(B57:M57) -> 114
A58: REME | E58: 37.46 | N58: =SUM(B58:M58) -> 37.46
A59: SAPN | N59: =SUM(B59:M59) -> 0
A60: SAUR | E60: 181.73 | J60: 187.97 | N60: =SUM(B60:M60) -> 369.7
A61: SO CERAMIQUE | L61: 65 | N61: =SUM(B61:M61) -> 65
A62: SUPER U | B62: 90.07 | D62: 50.04 | E62: 100.04 | F62: 46.03 | G62: 30 | H62: 50 | I62: 55.98 | K62: 52.43 | M62: 54.73 | N62: =SUM(B62:M62) -> 529.32
A63: TRESORERIE DE CARENTAN | H63: 115.27 | N63: =SUM(B63:M63) -> 115.27
A64: TRESORERIE DE STE MERE EGLISE | E64: 131.25 | J64: 136.03 | N64: =SUM(B64:M64) -> 267.28
A65: TURGIS MEZERETTE | B65: 46.3 | N65: =SUM(B65:M65) -> 46.3
A66: TURROU | C66: 92 | D66: 23 | E66: 23 | J66: 23 | N66: =SUM(B66:M66) -> 161
A67: VAN DORSSELAERE Patrick | D67: 40 | L67: 19 | N67: =SUM(B67:M67) -> 59
A68: VETERINAIRE DE STE MERE EGLISE | B68: 8.45 | N68: =SUM(B68:M68) -> 8.45
A69: TOTAL | B69: =SUM(B2:B68) -> 1005.21 | C69: =SUM(C2:C68) -> 1024.84 | D69: =SUM(D2:D68) -> 698.36 | E69: =SUM(E2:E68) -> 1280.92 | F69: =SUM(F2:F68) -> 5943.43 | G69: =SUM(G2:G68) -> 955.14 | H69: =SUM(H2:H68) -> 1165.97 | I69: =SUM(I2:I68) -> 841.12 | ... N69: =SUM(N2:N68) -> 13361.63
B71: JANVIER | C71: FEVRIER | D71: MARS | E71: AVRIL | F71: MAI | G71: JUIN | H71: JUILLET | I71: AOUT | J71: SEPTEMBRE | K71: OCTOBRE | L71: NOVEMBRE | M71: DECEMBRE
A72: AXA | B72: 13.89 | C72: 27.6 | D72: 14.68 | E72: 22.46 | G72: 11.2
A73: CARREFOUR CONTACT | I73: 1093.42 | J73: 1229.3 | K73: 1208.17 | L73: 1198.01 | M73: 1283.92
A74: CCM | D74: 1000
A75: CORNILLE | F75: 10460
A76: POLE EMPLOI | B76: 651.93 | C76: 651.93 | D76: 67.44
A77: CPAM | M77: 3.15
A78: RAM | B78: 376.93 | C78: 67.7 | D78: 13.1 | E78: 45.95 | I78: 21.42 | J78: 15.1
A79: RSI | D79: 216
A80: TOTAL | B80: =SUM(B72:B79) -> 1042.75 | C80: =SUM(C72:C79) -> 747.23 | D80: =SUM(D72:D79) -> 1311.22 | E80: =SUM(E72:E79) -> 68.41 | F80: =SUM(F72:F79) -> 10460 | G80: =SUM(G72:G79) -> 11.2 | H80: =SUM(H72:H79) -> 0 | I80: =SUM(I72:I79) -> 1114.84 | ... M80: =SUM(M72:M79) -> 1287.07
A82: SOLDE | B82: 363.81 | C82: =B85 -> 401.35 | D82: =C85 -> 123.74 | E82: =D85 -> 736.6 | F82: =E85 -> -475.91 | G82: =F85 -> 4040.66 | H82: =G85 -> 3096.72 | I82: =H85 -> 1930.75 | J82: =I85 -> 2204.47 | ... M82: =L85 -> 1542.66
A83: DEPENSES | B83: =B69 -> 1005.21 | C83: =C69 -> 1024.84 | D83: =D69 -> 698.36 | E83: =E69 -> 1280.92 | F83: =F69 -> 5943.43 | G83: =G69 -> 955.14 | H83: =H69 -> 1165.97 | I83: =I69 -> 841.12 | ... M83: =M69 -> 1134.25
A84: RECETTES | B84: =B80 -> 1042.75 | C84: =C80 -> 747.23 | D84: =D80 -> 1311.22 | E84: =E80 -> 68.41 | F84: =F80 -> 10460 | G84: =G80 -> 11.2 | H84: =H80 -> 0 | I84: =I80 -> 1114.84 | ... M84: =M80 -> 1287.07
A85: SOLDE | B85: =B82+(B84-B83) -> 401.35 | C85: =C82+(C84-C83) -> 123.74 | D85: =D82+(D84-D83) -> 736.6 | E85: =E82+(E84-E83) -> -475.91 | F85: =F82+(F84-F83) -> 4040.66 | G85: =G82+(G84-G83) -> 3096.72 | H85: =H82+(H84-H83) -> 1930.75 | I85: =I82+(I84-I83) -> 2204.47 | ... M85: =M82+(M84-M83) -> 1695.48

Sheet 2017
B1: JANVIER | C1: FEVRIER | D1: MARS | E1: AVRIL | F1: MAI | G1: JUIN | H1: JUILLET | I1: AOUT | J1: SEPTEMBRE | K1: OCTOBRE | L1: NOVEMBRE | M1: DECEMBRE
A2: ABACA | N2: =SUM(B2:M2) -> 0
A3: ABBAYE DE SEPT FONS | H3: 67.5 | N3: =SUM(B3:M3) -> 67.5
A4: ALDI | N4: =SUM(B4:M4) -> 0
A5: AMAZON | B5: 56.58 | C5: 7.99 | D5: 114 | H5: 35.15 | M5: 27.98 | N5: =SUM(B5:M5) -> 241.7
A6: AUTOVISION | N6: =SUM(B6:M6) -> 0
A7: AXA | J7: 335.86 | N7: =SUM(B7:M7) -> 335.86
A8: BASLER | F8: 56.45 | M8: 55.94 | N8: =SUM(B8:M8) -> 112.39
A9: BERTRAND | F9: 28 | N9: =SUM(B9:M9) -> 28
A10: BISCUITERIE DES MENHIRS | J10: 40.6 | N10: =SUM(B10:M10) -> 40.6
A11: BRICO DEPOT | N11: =SUM(B11:M11) -> 0
A12: BRICOMARCHE | N12: =SUM(B12:M12) -> 0
A13: BUT | E13: 339.98 | N13: =SUM(B13:M13) -> 339.98
A14: C DISCOUNT | D14: 63.26 | N14: =SUM(B14:M14) -> 63.26
A15: CABINET D'IMAGERIE MEDICALE | D15: 25.92 | N15: =SUM(B15:M15) -> 25.92
A16: CABINET D'INFIRMIERES | N16: =SUM(B16:M16) -> 0
A17: CABLE RJ45 | N17: =SUM(B17:M17) -> 0
A18: CARAIB | J18: 22 | N18: =SUM(B18:M18) -> 22
A19: CARREFOUR CONTACT | B19: 32.06 | C19: 7.08 | D19: 77.46 | E19: 68.04 | F19: 26.31 | G19: 97.25 | H19: 38.33 | I19: 127.81 | J19: 52.41 | K19: 70.01 | L19: 88.95 | M19: 163.07 | N19: =SUM(B19:M19) -> 848.78
A20: CCI | D20: 5.4 | N20: =SUM(B20:M20) -> 5.4
A21: CCM | B21: 5.15 | C21: 5.15 | D21: 6.15 | E21: 6.15 | F21: 5.15 | G21: 5.15 | H21: 5.15 | I21: 5.15 | J21: 5.15 | K21: 5.15 | L21: 245.15 | M21: 45.15 | N21: =SUM(B21:M21) -> 343.8
A22: CHAUSSEA | F22: 24.99 | N22: =SUM(B22:M22) -> 24.99
A23: CHAUSS'EXPO | D23: 45 | N23: =SUM(B23:M23) -> 45
A24: COIFF'STYLL | B24: 14.5 | E24: 15.5 | G24: 15.5 | I24: 15.8 | K24: 14.5 | M24: 14.5 | N24: =SUM(B24:M24) -> 90.3
A25: CONRAUD | G25: 22 | N25: =SUM(B25:M25) -> 22
A26: CRAQUELIN | E26: 60 | N26: =SUM(B26:M26) -> 60
A27: CREDIT MUTUEL MOBILE | C27: 19.99 | D27: 17.16 | E27: 12.98 | F27: 12.98 | G27: 12.98 | H27: 12.98 | I27: 12.98 | J27: 12.98 | K27: 12.98 | L27: 12.98 | M27: 12.98 | N27: =SUM(B27:M27) -> 153.97
A28: DALTONER | N28: =SUM(B28:M28) -> 0
A29: DECATHLON | I29: 5.99 | L29: 69.99 | N29: =SUM(B29:M29) -> 75.98
A30: DIAC | B30: 223.29 | C30: 223.29 | D30: 223.29 | E30: 223.29 | F30: 223.29 | G30: 223.29 | H30: 223.29 | I30: 223.29 | J30: 223.29 | K30: 223.29 | L30: 223.29 | M30: 223.29 | N30: =SUM(B30:M30) -> 2679.48
A31: DISTRI CENTER | F31: 25.99 | G31: 67.96 | N31: =SUM(B31:M31) -> 93.95
A32: ENTENDRE | K32: 6 | N32: =SUM(B32:M32) -> 6
A33: ESSO EXPRESS | N33: =SUM(B33:M33) -> 0
A34: EUDES | D34: 35 | N34: =SUM(B34:M34) -> 35
A35: FAMILLE MARY | J35: 83 | N35: =SUM(B35:M35) -> 83
A36: FOIRE DE CAEN | J36: 11 | N36: =SUM(B36:M36) -> 11
A37: FRAGONARD | M37: 55 | N37: =SUM(B37:M37) -> 55
A38: GDF | B38: 228.23 | C38: 375.58 | D38: 213 | E38: 213 | F38: 213 | G38: 213 | H38: 213 | I38: 213 | J38: 213 | K38: 213 | L38: 213 | M38: 213 | N38: =SUM(B38:M38) -> 2733.81
A39: GEMO | H39: 19.98 | N39: =SUM(B39:M39) -> 19.98
A40: GUEZELLO | J40: 228 | N40: =SUM(B40:M40) -> 228
A41: IN EXTENSO | N41: =SUM(B41:M41) -> 0
A42: INTERMARCHE | B42: 106.14 | C42: 152.11 | D42: 151.43 | E42: 75.11 | F42: 179.57 | G42: 174.9 | H42: 136.85 | I42: 234.56 | J42: 74.53 | K42: 224.49 | L42: 100.14 | M42: 98.18 | N42: =SUM(B42:M42) -> 1708.01
A43: IZENAH | J43: 10 | N43: =SUM(B43:M43) -> 10
A44: JARDI LECLERC | G44: 38.7 | N44: =SUM(B44:M44) -> 38.7
A45: JARDILAND | E45: 22.9 | N45: =SUM(B45:M45) -> 22.9
A46: JMT | C46: 44 | E46: 40.5 | I46: 60.49 | J46: 57.85 | K46: 40.5 | L46: 73.45 | N46: =SUM(B46:M46) -> 316.79
A47: KASPERSKY | J47: 54.99 | N47: =SUM(B47:M47) -> 54.99
A48: KIABI | F48: 42 | N48: =SUM(B48:M48) -> 42
A49: LA FOIR'FOUILLE | D49: 14.84 | G49: 125.33 | N49: =SUM(B49:M49) -> 140.17
A50: LA HALLE | K50: 19.99 | N50: =SUM(B50:M50) -> 19.99
A51: LA POSTE | D51: 49.75 | N51: =SUM(B51:M51) -> 49.75
A52: LA TRINITAINE | J52: 57.65 | N52: =SUM(B52:M52) -> 57.65
A53: LAMY | H53: 47.27 | M53: 37.5 | N53: =SUM(B53:M53) -> 84.77
A54: LAUNEY | N54: =SUM(B54:M54) -> 0
A55: LDLC | M55: 97.71 | N55: =SUM(B55:M55) -> 97.71
A56: LE CHANNEL | G56: 41 | N56: =SUM(B56:M56) -> 41
A57: LE GRAND HARD | N57: =SUM(B57:M57) -> 0
A58: LEBON COTENTIN | G58: 291.54 | N58: =SUM(B58:M58) -> 291.54
A59: LECAPLAIN | B59: 134 | N59: =SUM(B59:M59) -> 134
A60: LECLERC | I60: 54.72 | K60: 189.6 | L60: 59.24 | N60: =SUM(B60:M60) -> 303.56
A61: LEMIERE POISSON | L61: 8.6 | N61: =SUM(B61:M61) -> 8.6
A62: LEPELLETIER | K62: 107 | M62: 11.9 | N62: =SUM(B62:M62) -> 118.9
A63: LEPELLEY | N63: =SUM(B63:M63) -> 0
A64: LES DOUCEURS DE CHEF DU PONT | E64: 12.45 | N64: =SUM(B64:M64) -> 12.45
A65: LES GANIVELLES | J65: 44.2 | N65: =SUM(B65:M65) -> 44.2
A66: LES GEMS DE FABIOLA | D66: 40 | N66: =SUM(B66:M66) -> 40
A67: LES VERGERS DE LA CHAPELLE | G67: 83 | N67: =SUM(B67:M67) -> 83
A68: LIDL | N68: =SUM(B68:M68) -> 0
A69: LINA France | J69: 3100 | N69: =SUM(B69:M69) -> 3100
A70: LIVORY | K70: 40.19 | N70: =SUM(B70:M70) -> 40.19
A71: MAAF | B71: 246.85 | H71: 240.95 | N71: =SUM(B71:M71) -> 487.8
A72: MALWAREBYTES | G72: 39.99 | N72: =SUM(B72:M72) -> 39.99
A73: MANCHE HABITAT | B73: 27.05 | C73: 27.05 | D73: 27.05 | E73: 27.05 | F73: 27.05 | G73: 25.43 | H73: 27.05 | I73: 27.05 | J73: 27.05 | K73: 27.05 | L73: 29.05 | M73: 29.05 | N73: =SUM(B73:M73) -> 326.98
A74: MASCULIN | I74: 85 | N74: =SUM(B74:M74) -> 85
A75: MAXI TOYS | N75: =SUM(B75:M75) -> 0
A76: MEUNIER | G76: 53.13 | N76: =SUM(B76:M76) -> 53.13
A77: MOTTIN | N77: =SUM(B77:M77) -> 0
A78: ORANGE | B78: 24.99 | C78: 24.99 | N78: =SUM(B78:M78) -> 49.98
A79: PHARMACIE DE LA DOUVE | B79: 21.79 | C79: 87.65 | D79: 13.3 | F79: 22.58 | I79: 61.8 | M79: 22.1 | N79: =SUM(B79:M79) -> 229.22
A80: PIECES AUTOS | N80: =SUM(B80:M80) -> 0
A81: POINT VERT | G81: 28.5 | N81: =SUM(B81:M81) -> 28.5
A82: RALET | D82: 26 | N82: =SUM(B82:M82) -> 26
A83: RAVENEL | K83: 272.5 | L83: 382.5 | N83: =SUM(B83:M83) -> 655
A84: REME | B84: 37.46 | C84: 37.46 | N84: =SUM(B84:M84) -> 74.92
A85: RENARD | L85: 180 | N85: =SUM(B85:M85) -> 180
A86: SAPN | D86: 11.4 | N86: =SUM(B86:M86) -> 11.4
A87: SAUR | E87: 139.65 | K87: 340.48 | N87: =SUM(B87:M87) -> 480.13
A88: SHOPIX | F88: 56.98 | N88: =SUM(B88:M88) -> 56.98
A89: SIBER SYSTEMS | J89: 19.95 | N89: =SUM(B89:M89) -> 19.95
A90: SME MATERIAUX | B90: 6.95 | E90: 15.7 | G90: 14.02 | N90: =SUM(B90:M90) -> 36.67
A91: SO CERAMIQUE | K91: 45 | N91: =SUM(B91:M91) -> 45
A92: SUPER U | B92: 61.62 | D92: 64.69 | E92: 53.01 | F92: 57.08 | K92: 55.31 | N92: =SUM(B92:M92) -> 291.71
A93: TRESORERIE DE CARENTAN | I93: 115.27 | N93: =SUM(B93:M93) -> 115.27
A94: TRESORERIE DE STE MERE EGLISE | B94: 78.86 | C94: 280 | M94: 126.95 | N94: =SUM(B94:M94) -> 485.81
A95: TURGIS MEZERETTE | D95: 46.3 | N95: =SUM(B95:M95) -> 46.3
A96: TURROU | C96: 23 | D96: 48 | J96: 25 | L96: 25 | M96: 25 | N96: =SUM(B96:M96) -> 146
A97: VAN DORSSELAERE Patrick | L97: 90 | N97: =SUM(B97:M97) -> 90
A98: VETERINAIRE DE STE MERE EGLISE | B98: 40.08 | E98: 84.07 | N98: =SUM(B98:M98) -> 124.15
A99: VISTAPRINT | G99: 25.1 | N99: =SUM(B99:M99) -> 25.1
A100: WOK GRILL | B100: 57 | N100: =SUM(B100:M100) -> 57
...

Sheet 2018
B1: JANVIER | C1: FEVRIER | D1: MARS | E1: AVRIL | F1: MAI | G1: JUIN | H1: JUILLET | I1: AOUT | J1: SEPTEMBRE | K1: OCTOBRE | L1: NOVEMBRE | M1: DECEMBRE
A2: ABACA | N2: =SUM(B2:M2) -> 0
A3: ABBAYE DE SEPT FONS | N3: =SUM(B3:M3) -> 0
A4: ABBAYE NOTRE DAMES DES DOMBES | C4: 29.51 | N4: =SUM(B4:M4) -> 29.51
A5: ALDI | N5: =SUM(B5:M5) -> 0
A6: AMAZON | N6: =SUM(B6:M6) -> 0
A7: AUTOVISION | B7: 62 | N7: =SUM(B7:M7) -> 62
A8: AXA | N8: =SUM(B8:M8) -> 0
A9: BASLER | B9: 55.94 | N9: =SUM(B9:M9) -> 55.94
A10: BERTRAND | N10: =SUM(B10:M10) -> 0
A11: BISCUITERIE DES MENHIRS | N11: =SUM(B11:M11) -> 0
A12: BRICO DEPOT | N12: =SUM(B12:M12) -> 0
A13: BRICOMARCHE | B13: 2 | N13: =SUM(B13:M13) -> 2
A14: BUT | N14: =SUM(B14:M14) -> 0
A15: C DISCOUNT | N15: =SUM(B15:M15) -> 0
A16: CABINET D'IMAGERIE MEDICALE | N16: =SUM(B16:M16) -> 0
A17: CABINET D'INFIRMIERES | N17: =SUM(B17:M17) -> 0
A18: CABLE RJ45 | N18: =SUM(B18:M18) -> 0
A19: CARAIB | N19: =SUM(B19:M19) -> 0
A20: CARREFOUR CONTACT | B20: 93.19 | C20: 65.31 | D20: 151.39 | E20: 87.27 | N20: =SUM(B20:M20) -> 397.16
A21: CCI | N21: =SUM(B21:M21) -> 0
A22: CCM | B22: 5.15 | C22: 5.55 | D22: 5.55 | E22: 5.55 | N22: =SUM(B22:M22) -> 21.8
A23: CHAUSSEA | N23: =SUM(B23:M23) -> 0
A24: CHAUSS'EXPO | N24: =SUM(B24:M24) -> 0
A25: COIFF'STYLL | C25: 14.5 | N25: =SUM(B25:M25) -> 14.5
A26: CONRAUD | N26: =SUM(B26:M26) -> 0
A27: CRAQUELIN | N27: =SUM(B27:M27) -> 0
A28: CREDIT MUTUEL MOBILE | B28: 12.98 | C28: 13.18 | D28: 12.98 | E28: 12.98 | N28: =SUM(B28:M28) -> 52.12
A29: DALTONER | N29: =SUM(B29:M29) -> 0
A30: DECATHLON | N30: =SUM(B30:M30) -> 0
A31: DIAC | B31: 223.29 | C31: 223.29 | D31: 223.29 | E31: 223.29 | N31: =SUM(B31:M31) -> 893.16
A32: DISTRI CENTER | N32: =SUM(B32:M32) -> 0
A33: ENGIE | B33: 213 | D33: 202.85 | E33: 202.85 | N33: =SUM(B33:M33) -> 618.7
A34: ENTENDRE | B34: 6 | D34: 2240 | N34: =SUM(B34:M34) -> 2246
A35: ESSO EXPRESS | N35: =SUM(B35:M35) -> 0
A36: EUDES | N36: =SUM(B36:M36) -> 0
A37: FAMILLE MARY | N37: =SUM(B37:M37) -> 0
A38: FOIRE DE CAEN | N38: =SUM(B38:M38) -> 0
A39: GEMO | N39: =SUM(B39:M39) -> 0
A40: GUEZELLO | N40: =SUM(B40:M40) -> 0
A41: IN EXTENSO | N41: =SUM(B41:M41) -> 0
A42: INTERMARCHE | B42: 181.75 | C42: 85.65 | D42: 123.93 | N42: =SUM(B42:M42) -> 391.33
A43: IZENAH | N43: =SUM(B43:M43) -> 0
A44: JARDI LECLERC | N44: =SUM(B44:M44) -> 0
A45: JARDILAND | N45: =SUM(B45:M45) -> 0
A46: JMT | B46: 40.5 | D46: 81 | N46: =SUM(B46:M46) -> 121.5
A47: KASPERSKY | D47: 24.99 | N47: =SUM(B47:M47) -> 24.99
A48: KIABI | N48: =SUM(B48:M48) -> 0
A49: LA FOIR'FOUILLE | N49: =SUM(B49:M49) -> 0
A50: LA HALLE | N50: =SUM(B50:M50) -> 0
A51: LA POSTE | C51: 47.5 | D51: 11.5 | N51: =SUM(B51:M51) -> 59
A52: LA TRINITAINE | N52: =SUM(B52:M52) -> 0
A53: LAMY | N53: =SUM(B53:M53) -> 0
A54: LAUNEY | N54: =SUM(B54:M54) -> 0
A55: LDLC | N55: =SUM(B55:M55) -> 0
A56: LE CHANNEL | N56: =SUM(B56:M56) -> 0
A57: LE GRAND HARD | N57: =SUM(B57:M57) -> 0
A58: LEBON COTENTIN | N58: =SUM(B58:M58) -> 0
A59: LECAPLAIN | N59: =SUM(B59:M59) -> 0
A60: LECLERC | B60: 69.22 | N60: =SUM(B60:M60) -> 69.22
A61: LEMIERE POISSON | N61: =SUM(B61:M61) -> 0
A62: LEPELLETIER | N62: =SUM(B62:M62) -> 0
A63: LES DOUCEURS DE CHEF DU PONT | N63: =SUM(B63:M63) -> 0
A64: LES GANIVELLES | N64: =SUM(B64:M64) -> 0
A65: LES GEMS DE FABIOLA | N65: =SUM(B65:M65) -> 0
A66: LES VERGERS DE LA CHAPELLE | N66: =SUM(B66:M66) -> 0
A67: LIDL | N67: =SUM(B67:M67) -> 0
A68: LINA France | N68: =SUM(B68:M68) -> 0
A69: LIVORY | N69: =SUM(B69:M69) -> 0
A70: MAAF | B70: 249.64 | N70: =SUM(B70:M70) -> 249.64
A71: MALWAREBYTES | N71: =SUM(B71:M71) -> 0
A72: MANCHE HABITAT | B72: 29.05 | C72: 332.88 | D72: 349.24 | E72: 349.24 | N72: =SUM(B72:M72) -> 1060.41
A73: MASCULIN | N73: =SUM(B73:M73) -> 0
A74: MAXI TOYS | N74: =SUM(B74:M74) -> 0
A75: MEUNIER | N75: =SUM(B75:M75) -> 0
A76: MOTTIN | N76: =SUM(B76:M76) -> 0
A77: ORANGE | N77: =SUM(B77:M77) -> 0
A78: PHARMACIE DE LA DOUVE | D78: 26 | N78: =SUM(B78:M78) -> 26
A79: PIECES AUTOS | N79: =SUM(B79:M79) -> 0
A80: POINT VERT | N80: =SUM(B80:M80) -> 0
A81: RALET | N81: =SUM(B81:M81) -> 0
A82: RAVENEL | N82: =SUM(B82:M82) -> 0
A83: REME | N83: =SUM(B83:M83) -> 0
A84: RENARD | N84: =SUM(B84:M84) -> 0
A85: SAPN | N85: =SUM(B85:M85) -> 0
A86: SAUR | C86: 295.55 | N86: =SUM(B86:M86) -> 295.55
A87: SHOPIX | N87: =SUM(B87:M87) -> 0
A88: SIBER SYSTEMS | N88: =SUM(B88:M88) -> 0
A89: SME MATERIAUX | B89: 8.64 | N89: =SUM(B89:M89) -> 8.64
A90: SO CERAMIQUE | N90: =SUM(B90:M90) -> 0
A91: SUPER U | C91: 67.05 | N91: =SUM(B91:M91) -> 67.05
A92: TECNIK INFO | B92: 145 | N92: =SUM(B92:M92) -> 145
A93: TOMTOM | D93: 29.95 | N93: =SUM(B93:M93) -> 29.95
A94: TRESORERIE DE CARENTAN | N94: =SUM(B94:M94) -> 0
A95: TRESORERIE DE STE MERE EGLISE | N95: =SUM(B95:M95) -> 0
A96: TURGIS MEZERETTE | N96: =SUM(B96:M96) -> 0
A97: TURROU | B97: 50 | N97: =SUM(B97:M97) -> 50
A98: VAN DORSSELAERE Patrick | N98: =SUM(B98:M98) -> 0
A99: VETERINAIRE DE STE MERE EGLISE | D99: 6.72 | N99: =SUM(B99:M99) -> 6.72
A100: VISTAPRINT | N100: =SUM(B100:M100) -> 0
...

Sheet RECAPITULATIF
B1: 2016 | C1: 2017 | D1: 2018
A2: ABACA | B2: 80 | D2: =IFERROR((VLOOKUP(A2,'2018'!A2:N117,14,FALSE))," -") -> 0
A3: ABBAYE DE SEPT FONS | B3: 0 | C3: 67.5 | D3: =IFERROR((VLOOKUP(A3,'2018'!A3:N118,14,FALSE))," -") -> 0
A4: ABBAYE NOTRE DAMES DES DOMBES | B4: 0 | C4: 0 | D4: =IFERROR((VLOOKUP(A4,'2018'!A4:N119,14,FALSE))," -") -> 29.51
A5: ALDI | B5: 46.95 | C5: 0 | D5: =IFERROR((VLOOKUP(A5,'2018'!A5:N120,14,FALSE))," -") -> 0
A6: AMAZON | B6: 292.19 | C6: 241.7 | D6: =IFERROR((VLOOKUP(A6,'2018'!A6:N121,14,FALSE))," -") -> 0
A7: AUTOVISION | B7: 62 | C7: 0 | D7: =IFERROR((VLOOKUP(A7,'2018'!A7:N122,14,FALSE))," -") -> 62
A8: AXA | B8: 854.48 | C8: 335.86 | D8: =IFERROR((VLOOKUP(A8,'2018'!A8:N123,14,FALSE))," -") -> 0
A9: BASLER | B9: 102.4 | C9: 112.39 | D9: =IFERROR((VLOOKUP(A9,'2018'!A9:N124,14,FALSE))," -") -> 55.94
A10: BERTRAND | B10: 0 | C10: 28 | D10: =IFERROR((VLOOKUP(A10,'2018'!A10:N125,14,FALSE))," -") -> 0
A11: BISCUITERIE DES MENHIRS | B11: 0 | C11: 40.6 | D11: =IFERROR((VLOOKUP(A11,'2018'!A11:N126,14,FALSE))," -") -> 0
A12: BRICO DEPOT | B12: 22.9 | C12: 0 | D12: =IFERROR((VLOOKUP(A12,'2018'!A12:N127,14,FALSE))," -") -> 0
A13: BRICOMARCHE | B13: 12.8 | C13: 0 | D13: =IFERROR((VLOOKUP(A13,'2018'!A13:N128,14,FALSE))," -") -> 2
A14: BUT | B14: 0 | C14: 339.98 | D14: =IFERROR((VLOOKUP(A14,'2018'!A14:N129,14,FALSE))," -") -> 0
... A71: LINA France | B71: 0 | C71: 3100 | D71: =IFERROR((VLOOKUP(A71,'2018'!A71:N186,14,FALSE))," -") -> -
A72: LIVORY | B72: 0 | C72: 40.19
A73: MAAF | B73: 436.74 | C73: 487.8 | D73: 249.64
A74: MALWAREBYTES | B74: 0 | C74: 39.99 | D74: 0
A75: MANCHE HABITAT | B75: 1770.14 | C75: 326.98 | D75: 1060.41
A76: MASCULIN | B76: 0 | C76: 85 | D76: 0
A77: MAXI TOYS | B77: 24.99 | C77: 0 | D77: 0
A78: MEUNIER | B78: 0 | C78: 53.13 | D78: 0
A79: MOTTIN | B79: 46.9 | C79: 0 | D79: 0
A80: ORANGE | B80: 280.15 | C80: 49.98 | D80: 0
A81: PHARMACIE DE LA DOUVE | B81: 287.53 | C81: 229.22 | D81: 26
A82: PIECES AUTOS | B82: 114 | C82: 0 | D82: 0
A83: POINT VERT | B83: 0 | C83: 28.5 | D83: 0
A84: RALET | B84: 0 | C84: 26 | D84: 0
... A104: WOK GRILL | B104: 0 | C104: 57 | D104: 0
A105: TOTAL | B105: =SUM(B2:B104) -> 13361.63 | C105: =SUM(C2:C104) -> 20021.51 | D105: 6991.71
